 Dungeon Crawl Stone Soup version 0.28.0-47-ge53b351184 (webtiles) character file.

Game seed: 12023726273930265189

3786 croobank the Covert (level 10, -6/81 HPs)
             Began as a Gnoll Delver on May 8, 2022.
             Was a Believer of Okawaru.
             Mangled by a seven-headed hydra (8 damage)
             ... on level 1 of the Lair of Beasts.
             The game lasted 00:46:42 (12035 turns).

croobank the Covert (Gnoll Delver)                 Turns: 12035, Time: 00:46:42

Health: -6/81      AC: 15    Str: 16    XL:     10   Next: 16%
Magic:  0/17       EV: 17    Int: 11    God:    Okawaru [**....]
Gold:   445        SH:  0    Dex: 14    Spells: 16/19 levels left

rFire   . . .      SeeInvis .   N - +6 quarterstaff (chaos)
rCold   + . .      Faith    .   (shield currently unavailable)
rNeg    . . .      Spirit   +   C - +0 leather armour "Saulik" {Rampage +Inv Str+2}
rPois   .          Reflect  .   e - +0 helmet
rElec   .          Harm     .   O - +0 cloak
rCorr   .          Rampage  +   A - +1 pair of gloves
Will    .....                   (no boots)
Stlth   ++++++....              l - amulet of guardian spirit
HPRegen 0.23/turn               n - +4 ring of protection
MPRegen 0.15/turn               D - ring of protection from cold

@: heroic
A: fangs 1, strong nose, distributed training, iridescent scales 1
a: Renounce Religion, Evoke Invisibility, Heroism


You were on level 1 of the Lair of Beasts.
You worshipped Okawaru.
Okawaru was pleased with you.
You visited 3 branches of the dungeon, and saw 10 of its levels.

You collected 445 gold pieces.

Inventory:

Hand Weapons
 a - a +1 hand axe
 b - a +0 hunting sling
 f - a +0 flail of protection
 k - a +3 vorpal flail
 q - a +1 falchion of protection
 r - a +0 shortbow
 B - a +0 arbalest
 H - a +3 battleaxe
 J - a +2 long sword
 N - a +6 quarterstaff of chaos (weapon)
 Q - the +3 glaive of Eloekk {spect, rElec rF+ Will- Str+4}
   (You found it on level 1 of the Lair of Beasts)

   When its wielder attacks, the weapon's spirit leaps out and strikes again.
   The spirit shares a part of any damage it takes with its wielder.
   Str:       It affects your strength (+4).
   rF:        It protects you from fire.
   rElec:     It insulates you from electricity.
   Will:      It decreases your willpower.
Missiles
 h - 87 arrows
 i - 231 stones
 m - 15 poisoned darts
 o - 45 sling bullets
 s - 54 bolts
 z - 3 curare-tipped darts (quivered)
Armour
 d - a +0 leather armour
 e - a +0 helmet (worn)
 j - a +0 buckler
 p - a +2 ring mail
 u - a +0 plate armour
 A - a +1 pair of gloves (worn)
 C - the +0 leather armour "Saulik" (worn) {Rampage +Inv Str+2}
   (You found it on level 6 of the Dungeon)

   Str:       It affects your strength (+2).
   +Inv:      It lets you turn invisible.
   Rampage:   It bestows one free step when moving towards enemies.
 O - a +0 cloak (worn)
Magical Staves
 y - a staff of fire
Jewellery
 l - an amulet of guardian spirit (around neck)
 n - a +4 ring of protection (left hand)
 D - a ring of protection from cold (right hand)
 G - a ring of flight
 I - an amulet of faith
 P - an amulet of magic regeneration
Wands
 g - a wand of digging (3)
 F - a wand of polymorph (1)
Scrolls
 c - a scroll of fog
 t - 2 scrolls of teleportation
 w - 5 scrolls of identify
 E - a scroll of magic mapping
 L - a scroll of noise
Potions
 v - 2 potions of mutation
 K - a potion of might {unknown}
 M - a potion of flight


   Skills:
 + Level 8.3(13.3) Fighting
 + Level 5.0(10.0) Short Blades
 + Level 5.0(10.0) Long Blades
 + Level 6.8(11.8) Axes
 + Level 5.0(10.0) Maces & Flails
 + Level 5.0(10.0) Polearms
 + Level 5.0(10.0) Staves
 + Level 5.0(10.0) Slings
 + Level 5.0(10.0) Bows
 + Level 5.0(10.0) Crossbows
 + Level 5.0(10.0) Throwing
 + Level 5.0(10.0) Armour
 + Level 6.8(11.8) Dodging
 + Level 10.8(15.8) Stealth
 + Level 5.0(10.0) Shields
 + Level 5.0(10.0) Unarmed Combat
 + Level 5.0 Spellcasting
 + Level 4.1 Conjurations
 + Level 4.1 Hexes
 + Level 4.1 Summonings
 + Level 4.1 Necromancy
 + Level 4.1 Translocations
 + Level 4.1 Transmutations
 + Level 4.1 Fire Magic
 + Level 4.1 Ice Magic
 + Level 4.1 Air Magic
 + Level 4.1 Earth Magic
 + Level 4.1 Poison Magic
 + Level 5.5 Invocations
 + Level 5.0 Evocations


You had 16 spell levels left.
You knew the following spells:

 Your Spells              Type           Power      Damage    Failure   Level
a - Dazzling Flash        Conj/Hex       22%        N/A       14%         3

Your spell library contained the following spells:

 Spells                   Type           Power      Damage    Failure   Level
 Shock                    Conj/Air       44%        1d5       4%          1
 Slow                     Hex            44%        N/A       4%          1
 Ensorcelled Hibernation  Hex/Ice        22%        N/A       7%          2
 Passwall                 Tmut/Erth      9%         N/A       7%          2
 Confusing Touch          Hex            11%        N/A       14%         3
 Swiftness                Air            11%        N/A       14%         3
 Vampiric Draining        Necr           11%        2d6       14%         3
 Airstrike                Air            5%         N/A       41%         4
 Agony                    Necr           11%        N/A       77%         5
 Silence                  Hex/Air        5%         N/A       77%         5


Dungeon Overview and Level Annotations

Branches:
Dungeon (8/15)             Temple (1/1) D:6            Lair (1/6) D:8

Altars:
Ashenzari
Cheibriados
Dithmenos
Elyvilon
Fedhas
Gozag
Hepliaklqana
Kikubaaqudgha
Makhleb
Nemelex Xobeh
Okawaru
Qazlal
Ru
Sif Muna
Trog
Uskayaw
Vehumet
Wu Jian
Xom
Yredelemnul
Zin
The Shining One


Innate Abilities, Weirdness & Mutations

You have very sharp teeth.
Your uncanny sense of smell can sniff out nearby items.
Your experience applies equally to all skills.
You are partially covered in iridescent scales. (AC +2)


Message History

The seven-headed hydra bites you but does no damage. x2
The seven-headed hydra completely misses you.
The seven-headed hydra bites you. x2; The seven-headed hydra misses you.
You hit the seven-headed hydra.
The seven-headed hydra seems to grow stronger.
The seven-headed hydra is moderately wounded.
The seven-headed hydra bites you!
* * * LOW HITPOINT WARNING * * *
The seven-headed hydra bites you.
* * * LOW HITPOINT WARNING * * *
The seven-headed hydra barely misses you.
The seven-headed hydra completely misses you.
The seven-headed hydra closely misses you.
The seven-headed hydra barely misses you.
The seven-headed hydra closely misses you.
You sock the seven-headed hydra! You drain the seven-headed hydra.
The seven-headed hydra is heavily wounded.
The seven-headed hydra closely misses you. x2
The seven-headed hydra bites you!
* * * LOW HITPOINT WARNING * * *
The seven-headed hydra bites you but does no damage. x2
The seven-headed hydra bites you!
* * * LOW HITPOINT WARNING * * *
The seven-headed hydra bites you but does no damage.
Okay, then.
Okay, then.
Throw: 4 darts (curare)
Press: ? - help, Q - select action, (/) - cycle Shift-Dir - straight line, f/p - seven-headed hydra
Aim: a seven-headed hydra (heavily wounded, strong, lightly drained, 83% to hit)
You throw a curare-tipped dart.
The curare-tipped dart hits the seven-headed hydra.
The seven-headed hydra is heavily wounded.
Okay, then.
Okay, then.
You sock the seven-headed hydra!
Nothing appears to happen.
The seven-headed hydra is heavily wounded.
The seven-headed hydra misses you.
The seven-headed hydra closely misses you.
The seven-headed hydra bites you!
You die...

##.....## ##.......#
###........#
.......#.......##
........#........#
.......!.........##
.........#........#
#........#.....<..#
. #.......#....D@.##
..#................#
..................##
...................#
.#................##
.........$#.......#
.......(..........#
..................#
..................#


You could see a seven-headed hydra (strong, drained).

Vanquished Creatures
  Grinder (D:4)
  2 water moccasins
  2 orc warriors
  2 sky beasts
  2 ice beasts
  A black bear (D:6)
  2 necrophages
  An ogre (D:4)
  2 wolves (D:8)
  2 centaurs
  A phantom (D:7)
  2 bullfrogs
  A scorpion (D:4)
  A wyvern skeleton (D:6)
  11 killer bees
  7 wights
  2 howler monkeys (D:5)
  A bullfrog zombie (D:6)
  2 jellies
  2 orc priests
  10 hounds
  Crazy Yiuf (D:5)
  3 gnoll shamans
  3 iguanas (D:7)
  3 orc wizards
  13 gnolls
  A river rat (D:4)
  7 adders
  A shadow imp (D:8)
  A white imp (D:8)
  An adder skeleton (D:4)
  4 worms
  A dart slug (D:1)
  9 orcs
  8 ball pythons
  2 bats
  10 endoplasms
  4 giant cockroaches
  9 goblins
  8 hobgoblins
  3 quokkas
  5 frilled lizards
  7 kobolds
  9 rats
170 creatures vanquished.

Notes
Turn   | Place    | Note
-------+----------+-------------------------------------------
     0 | D:5      | Reached skill level 9 in Stealth
     0 | D:5      | croobank the Gnoll Delver began the quest for the Orb.
     0 | D:5      | Reached XP level 1. HP: 23/23 MP: 1/1
    23 | D:5      | Noticed a necrophage
    89 | D:5      | Noticed an orc wizard
    89 | D:5      | Noticed an orc wizard
    91 | D:5      | Noticed an orc priest
   200 | D:2      | Reached XP level 2. HP: 29/29 MP: 2/2
   413 | D:1      | Reached XP level 3. HP: 9/35 MP: 3/3
   765 | D:1      | Learned a level 3 spell: Dazzling Flash
  1192 | D:1      | Reached skill level 1 in Invocations
  1811 | D:2      | Reached skill level 1 in Short Blades
  1811 | D:2      | Reached skill level 1 in Long Blades
  1811 | D:2      | Reached skill level 1 in Maces & Flails
  1811 | D:2      | Reached skill level 1 in Polearms
  1811 | D:2      | Reached skill level 1 in Staves
  1811 | D:2      | Reached skill level 1 in Slings
  1811 | D:2      | Reached skill level 1 in Bows
  1811 | D:2      | Reached skill level 1 in Crossbows
  1811 | D:2      | Reached skill level 1 in Throwing
  1811 | D:2      | Reached skill level 1 in Armour
  1811 | D:2      | Reached skill level 1 in Shields
  1811 | D:2      | Reached skill level 1 in Unarmed Combat
  1811 | D:2      | Reached skill level 1 in Spellcasting
  1811 | D:2      | Reached skill level 1 in Evocations
  1851 | D:2      | Gained mutation: You are partially covered in iridescent
                  | scales. (AC +2) [potion of mutation]
  1956 | D:2      | Reached XP level 4. HP: 41/41 MP: 5/5
  2202 | D:3      | Found a faded altar of an unknown god.
  2427 | D:3      | Found a snail-covered altar of Cheibriados.
  2471 | D:3      | Reached skill level 1 in Conjurations
  2471 | D:3      | Reached skill level 1 in Hexes
  2471 | D:3      | Reached skill level 1 in Summonings
  2471 | D:3      | Reached skill level 1 in Necromancy
  2471 | D:3      | Reached skill level 1 in Translocations
  2471 | D:3      | Reached skill level 1 in Transmutations
  2471 | D:3      | Reached skill level 1 in Fire Magic
  2471 | D:3      | Reached skill level 1 in Ice Magic
  2471 | D:3      | Reached skill level 1 in Air Magic
  2471 | D:3      | Reached skill level 1 in Earth Magic
  2471 | D:3      | Reached skill level 1 in Poison Magic
  2486 | D:3      | Reached XP level 5. HP: 12/47 MP: 3/6
  3327 | D:4      | Noticed Grinder
  3612 | D:4      | Noticed an ogre
  3641 | D:4      | Reached XP level 6. HP: 45/53 MP: 5/8
  3873 | D:4      | Reached skill level 5 in Axes
  3873 | D:4      | Reached skill level 5 in Dodging
  4260 | D:5      | Noticed a sky beast
  4562 | D:5      | Reached XP level 7. HP: 59/59 MP: 10/10
  4815 | D:5      | Found a runed translucent door.
  4816 | D:5      | Noticed Crazy Yiuf
  5016 | D:5      | Reached skill level 10 in Stealth
  5348 | D:6      | Reached XP level 8. HP: 28/67 MP: 6/12
  5662 | D:6      | Found a staircase to the Ecumenical Temple.
  5753 | Temple   | Entered the Ecumenical Temple
  5786 | Temple   | Became a worshipper of Warmaster Okawaru
  6345 | D:6      | Identified the +0 leather armour "Saulik" {Rampage +Inv
                  | Str+2}
  6567 | D:6      | Reached * piety under Okawaru
  7124 | D:6      | Reached XP level 9. HP: 13/72 MP: 3/14
  8487 | D:8      | Found a staircase to the Lair.
  8487 | D:8      | Noticed a troll
  9343 | D:8      | Reached ** piety under Okawaru
  9673 | D:7      | Reached skill level 5 in Invocations
 10334 | D:8      | Reached XP level 10. HP: 43/80 MP: 9/17
 11485 | D:4      | Paralysed by Grinder for 2 turns
 11503 | D:4      | Killed Grinder
 11504 | D:4      | Reached skill level 5 in Short Blades
 11504 | D:4      | Reached skill level 5 in Long Blades
 11504 | D:4      | Reached skill level 5 in Maces & Flails
 11504 | D:4      | Reached skill level 5 in Polearms
 11504 | D:4      | Reached skill level 5 in Staves
 11504 | D:4      | Reached skill level 5 in Slings
 11504 | D:4      | Reached skill level 5 in Bows
 11504 | D:4      | Reached skill level 5 in Crossbows
 11504 | D:4      | Reached skill level 5 in Throwing
 11504 | D:4      | Reached skill level 5 in Armour
 11504 | D:4      | Reached skill level 5 in Shields
 11504 | D:4      | Reached skill level 5 in Unarmed Combat
 11504 | D:4      | Reached skill level 5 in Spellcasting
 11504 | D:4      | Reached skill level 5 in Evocations
 11874 | D:5      | Killed Crazy Yiuf
 11990 | Lair:1   | Entered Level 1 of the Lair of Beasts
 11996 | Lair:1   | Noticed a seven-headed hydra
 12002 | Lair:1   | Identified the +3 glaive of Eloekk {spect, rElec rF+ Will-
                  | Str+4}
 12033 | Lair:1   | HP: 1/81 [seven-headed hydra (13)]
 12035 | Lair:1   | Mangled by a seven-headed hydra

Illustrated notes

Levels and vault maps discovered:
D:1:      lemuel_arrival_hallway, layout_loops_ring, minmay_misc_feat_rows
D:2:      layout_loops_cross
D:3:      layout_loops_ring, marbit_many_paths,
          hellmonk_ecumenical_altar_lost_god
D:4:      layout_loops_ring, portal_sewer_entry_c, kennysheep_another_room,
          uniq_grinder
D:5:      layout_gridville, grunt_decor_arrowhead, uniq_crazy_yiuf_cottage
D:6:      layout_basic, minmay_temple_entry_slanted
D:7:      layout_cave_pools, enter_bailey_3, abandoned_shop
D:8:      layout_loops_ring, erik_lair_island, feat_on_display
Temple:   mainiacjoe_temple_hex_bubbles
Lair:1:   layout_gridlike, serial_bayou_shore_a

Skill      XL: |  1  2  3  4  5  6  7  8  9 10 |
---------------+-------------------------------+-----
Stealth        | 10 | 10.8
Invocations    | 1 2 3 4 5 |  5.5
Short Blades   | 1 2 3 4 5 |  5.0
Long Blades    | 1 2 3 4 5 |  5.0
Maces & Flails | 1 2 3 4 5 |  5.0
Polearms       | 1 2 3 4 5 |  5.0
Staves         | 1 2 3 4 5 |  5.0
Slings         | 1 2 3 4 5 |  5.0
Bows           | 1 2 3 4 5 |  5.0
Crossbows      | 1 2 3 4 5 |  5.0
Throwing       | 1 2 3 4 5 |  5.0
Armour         | 1 2 3 4 5 |  5.0
Shields        | 1 2 3 4 5 |  5.0
Unarmed Combat | 1 2 3 4 5 |  5.0
Spellcasting   | 1 2 3 4 5 |  5.0
Evocations     | 1 2 3 4 5 |  5.0
Conjurations   | 1 2 3 4 |  4.1
Hexes          | 1 2 3 4 |  4.1
Summonings     | 1 2 3 4 |  4.1
Necromancy     | 1 2 3 4 |  4.1
Translocations | 1 2 3 4 |  4.1
Transmutations | 1 2 3 4 |  4.1
Fire Magic     | 1 2 3 4 |  4.1
Ice Magic      | 1 2 3 4 |  4.1
Air Magic      | 1 2 3 4 |  4.1
Earth Magic    | 1 2 3 4 |  4.1
Poison Magic   | 1 2 3 4 |  4.1
Axes           | 5 6 |  6.8
Dodging        | 5 6 |  6.8
Fighting       | 7 8 |  8.3

Action                   |  1- 3 |  4- 6 |  7- 9 | 10-12 || total
-------------------------+-------+-------+-------+-------++-------
Melee: Hand axe          |    95 |    17 |   293 |    73 ||   478
       Bite              |    11 |    35 |    54 |    13 ||   113
       Falchion          |       |   207 |   118 |       ||   325
       Flail             |       |       |   117 |       ||   117
       Quarterstaff      |       |       |       |     6 ||     6
 Fire: Hunting sling     |       |       |       |    16 ||    16
Throw: Stone             |     7 |       |     2 |       ||     9
       Dart              |       |       |       |     8 ||     8
 Cast: Dazzling Flash    |       |       |     1 |       ||     1
Invok: Heroism           |       |       |     4 |     3 ||     7
Evoke: Wand              |       |       |     1 |     5 ||     6
  Use: Scroll            |     7 |     6 |     6 |     6 ||    25
       Potion            |     1 |     3 |     7 |       ||    11
 Stab: Sleeping          |    17 |     6 |     7 |     1 ||    31
       Invisible         |       |       |     1 |       ||     1
Armor: Leather armour    |     6 |    92 |   173 |    41 ||   312
       Ring mail         |       |    10 |    68 |       ||    78
       Skin              |       |     6 |    12 |       ||    18
Dodge: Dodged            |    40 |   140 |   434 |    79 ||   693
Block: Buckler           |     8 |    43 |   177 |    24 ||   252
